Map: Dusk Towers

Players

Apocalypse - Winner!

  • Race: Protoss Protoss
  • League: Master

Miszu

  • Race: Protoss Protoss
  • League: Master

VOD

Have the link to the VOD?

Description

Time

  • Played on: June 27, 2016, 3:16 p.m.
  • Length: 5:36
Show
View Real Time Build Order
Export as new Build Order

Apocalypse Protoss - Winner!

Build Orders:  

Get SALT Encoding   

  12  0:01  Probe (Chrono Boost)  
  13  0:11  Probe (Chrono Boost)  
  14  0:19  Pylon  
  14  0:23  Probe (Chrono Boost)  
  15  0:37  Probe (Chrono Boost)  
  15  0:41  Gateway  
  16  0:45  Assimilator  
  16  0:48  Probe (Chrono Boost)  
  17  0:58  Probe (Chrono Boost)  
  18  1:08  Assimilator  
  18  1:09  Probe (Chrono Boost)  
  19  1:11  Gateway  
  19  1:19  Probe (Chrono Boost)  
  20  1:30  Cybernetics Core  
  20  1:32  Probe (Chrono Boost)  
  21  1:38  Pylon  
  21  1:43  Probe (Chrono Boost)  
  23  1:54  Probe (Chrono Boost)  
  23  2:06  Mothership Core (Chrono Boost)  
  23  2:08  Robotics Facility  
  25  2:12  Warp Gate (Chrono Boost)  
  25  2:25  Stalker  
  27  2:31  Stalker  
  27  2:35  Pylon  
  29  2:55  Immortal (Chrono Boost)  
  32  3:15  Probe  
  32  3:22  Gateway  
  32  3:30  Immortal (Chrono Boost)  
  36  3:34  Pylon  
  36  4:04  Observer (Chrono Boost), Pylon  
  36  4:09  Stalker  
  39  4:10  Stalker  
  39  4:17  Stalker  
  43  4:23  Immortal (Chrono Boost)  
  45  4:45  Stalker  
  45  4:46  Stalker x2  
  41  5:24  Stalker x2  
  41  5:25  Stalker  
Show
View Real Time Build Order
Export as new Build Order

Miszu Protoss 

Build Orders:  

Get SALT Encoding   

  12  0:01  Probe (Chrono Boost)  
  13  0:12  Probe (Chrono Boost)  
  14  0:18  Pylon  
  14  0:22  Probe (Chrono Boost)  
  15  0:36  Gateway, Probe (Chrono Boost)  
  16  0:45  Assimilator  
  16  0:48  Probe (Chrono Boost)  
  17  0:59  Probe (Chrono Boost)  
  17  1:00  Gateway  
  18  1:06  Assimilator  
  18  1:09  Probe (Chrono Boost)  
  19  1:18  Pylon  
  19  1:20  Probe (Chrono Boost)  
  20  1:27  Cybernetics Core  
  20  1:35  Pylon  
  20  1:37  Probe (Chrono Boost)  
  21  1:47  Probe (Chrono Boost)  
  22  2:03  Warp Gate (Chrono Boost)  
  22  2:04  Adept x2  
  22  2:05  Mothership Core (Chrono Boost)  
  28  2:13  Pylon  
  28  2:31  Stalker x2  
  32  2:40  Probe (Chrono Boost)  
  34  2:51  Probe (Chrono Boost)  
  34  3:17  Nexus  
  32  3:22  Stalker  
  32  3:23  Stalker  
  36  3:29  Gateway, Probe (Chrono Boost)  
  35  3:45  Robotics Facility  
  35  3:46  Probe (Chrono Boost)  
  36  4:01  Pylon  
  36  4:07  Pylon  
  36  4:09  Sentry  
  38  4:13  Probe (Chrono Boost)  
  39  4:30  Zealot x2  
  38  4:39  Mothership Core (Chrono Boost)  
  34  4:47  Stalker  
  31  4:52  Zealot  
  31  4:53  Zealot  
  31  5:11  Stalker  
  23  5:15  Sentry  
Tags
 
Matchup
PvP
Player
Miszu
Add a new tag
Caveats
  • Supply blocks, unpowered buildings, or Contaminate may cause inaccurate times.
  • Supply counts are checked every 10 seconds.